 Dungeon Crawl Stone Soup version 0.16-b1 (console) character file.

64 siepu the Sneak (level 4, -3/23 HPs)
             Began as a Vine Stalker Assassin on Mar 14, 2015.
             Slain by a gnoll
             ... wielding a +3 flail
              (5 damage)
             ... on level 2 of the Dungeon.
             The game lasted 00:02:42 (994 turns).

siepu the Sneak (Vine Stalker Assassin)              Turns: 994, Time: 00:02:42

Health: -3/23      AC:  3    Str: 13    XL:     4   Next: 12%
Magic:  0/5        EV: 11    Int: 11    God:
Gold:   145        SH:  0    Dex: 17    Spells: 0 memorised, 3 levels left

rFire  . . .     SeeInvis .     a - +1 short sword (venom)
rCold  . . .     Clarity  .     c - +0 robe
rNeg   . . .     SustAb   .     (no shield)
rPois  .         Gourm    .     (no helmet)
rElec  .         Spirit   +     d - +0 cloak {aux}
rCorr  .         Warding  .     (no gloves)
rMut   .         Stasis   .     (no boots)
MR     .....                    (no amulet)
Stlth  +++.......               (no ring)
                                (no ring)

@: not resistant to hostile enchantments, fairly stealthy
A: fangs 2, regeneration 1, magic shield, antimagic bite, no device heal 3, rot
immunity
a: no special abilities


You were on level 2 of the Dungeon.
You were not hungry.

You visited 1 branch of the dungeon, and saw 2 of its levels.

You collected 145 gold pieces.


Innate Abilities, Weirdness & Mutations

You have extremely sharp teeth.
Your natural rate of healing is unusually fast.
When hurt, damage is shared between your health and your magic reserves.
Your bite disrupts and absorbs the magic of your enemies.
Potions and wands cannot restore your health.
You are immune to rotting.


   Skills:
 - Level 1.7 Fighting
 + Level 3.9 Short Blades
 - Level 1.7 Throwing
 - Level 0.7 Dodging
 - Level 4.8 Stealth


You had 3 spell levels left.
You didn't know any spells.

Inventory:

Hand weapons
 a - a +1 short sword of venom (weapon)
   (You took it off a kobold on level 1 of the Dungeon)
 b - a +0 blowgun
 l - a +2 dagger of speed
   (You found it on level 1 of the Dungeon)
Missiles
 e - 26 poisoned needles
 f - 2 curare-tipped needles {=g=f!f}
 m - 5 tomahawks {=f}
 n - 65 stones (quivered)
Armour
 c - a +0 robe (worn)
 d - a +0 cloak (worn) {aux}
Scrolls
 i - a scroll of enchant weapon {!r, unknown}
 p - a scroll of fog {!r, unknown}
 r - a scroll of remove curse {!r, unknown}
 s - a scroll of identify {!r, unknown}
 t - a scroll of magic mapping {!r, unknown}
 u - a scroll of noise {!r, unknown}
Potions
 k - 2 potions of haste {!q, unknown}
 q - a potion of degeneration {!q, unknown}
Comestibles
 g - 2 bread rations {!e}
 h - 2 chunks of flesh {!e}
 j - 4 fruits {!e}
 o - a meat ration {!e}


Message History

You are too injured to fight recklessly!
You are too injured to fight recklessly!
You kill the worm!
You hit the hobgoblin.
The hobgoblin is heavily wounded.
You hit the hobgoblin.
The hobgoblin is poisoned.
The hobgoblin is almost dead.
The hobgoblin hits you with a club.
You closely miss the hobgoblin.
The hobgoblin is almost dead.
You kill the hobgoblin!
You see here a club.
You start resting.
Magic restored.
You start resting.
HP restored.
You now have 133 gold pieces (gained 19).
You now have 145 gold pieces (gained 12).
e - 26 poisoned needles (gained 18)
Found a stone staircase leading up.
g - 2 bread rations {!e} (gained 1)
A bat and a kobold come into view.
The kobold moves out of view.
Found an escape hatch in the floor.
A rat comes into view.
The bat closely misses you.
The kobold shouts!
The bat hits you but does no damage.
You hit the bat.
The bat is poisoned.
The bat is moderately wounded.
You kill the bat!
You hit the rat.
You kill the rat!
Found a stone staircase leading down.
You see here a rat corpse.
The kobold barely misses you.
You hit the kobold.
The kobold is poisoned.
You bite the kobold, but do no damage.
The kobold is severely wounded.
You completely miss the kobold.
The kobold is almost dead.
The kobold barely misses you.
You barely miss the kobold.
The kobold is almost dead.
The kobold misses you.
You barely miss the kobold.
The kobold is almost dead.
The kobold closely misses you.
You barely miss the kobold.
The kobold is almost dead.
The kobold barely misses you.
You see here a rat corpse.
You hit the kobold but do no damage.
The kobold looks even sicker.
You bite the kobold. You drain its power.
You kill the kobold!
You butcher the rat corpse.
h - 2 chunks of flesh {!e} (gained 1)
You see here a bat corpse.
You butcher the bat corpse.
h - 3 chunks of flesh {!e} (gained 1)
You see here a bat skeleton.
You see here 21 bolts.
Found 19 bolts.
A goblin comes into view.
A goblin is nearby!
You see here 19 bolts.
A gnoll comes into view.
The gnoll shouts!
The goblin shouts! 2 gnolls come into view.
A gnoll comes into view. It is wielding a spear.
The gnoll shouts! x3
You puncture the goblin!
You kill the goblin!
A hobgoblin comes into view. It is wielding a club.
The hobgoblin shouts!
You hit the gnoll but do no damage.
The gnoll is poisoned.
You bite the gnoll, but do no damage. The gnoll hits you but does no damage.
You hit the gnoll.
The gnoll looks even sicker.
You bite the gnoll. You drain its power.
The gnoll is severely wounded.
The gnoll hits you but does no damage.
An adder and a goblin come into view.
You kill the gnoll!
You have reached level 4!
You feel agile.
You closely miss the gnoll. You bite the gnoll. You drain its power.
The gnoll is lightly wounded.
The gnoll closely misses you. x2
You hit the gnoll.
The gnoll is poisoned.
The gnoll is lightly wounded.
The gnoll hits you with an enchanted flail!
The gnoll misses you.
You hit the gnoll.
The gnoll looks even sicker.
The gnoll is heavily wounded.
You closely miss the gnoll.
The gnoll is heavily wounded.
The gnoll hits you from afar with a spear!
* * * LOW HITPOINT WARNING * * *
The gnoll hits you with an enchanted flail.
You die...

. ........>...............
.....................#.....
..#.#..#####..............).
#.....#..#####....#.(....###..
#......$.................# #..
#........................#####
#....................>....####
#...........##................
####......(..Sgg@.##........#####
..............#########....## #
..............# ###### #
.....########## # .g.. S.. .. .


You could see 2 gnolls and an adder.

Vanquished Creatures
  A gnoll (D:2)
  A giant mite (D:1)
  A worm (D:2)
  2 giant geckos (D:1)
  An ooze (D:2)
  14 goblins
  3 hobgoblins
  5 kobolds
  A ball python (D:1)
  4 bats
  6 rats
39 creatures vanquished.

Notes
Turn   | Place    | Note
--------------------------------------------------------------
     0 | D:1      | siepu, the Vine Stalker Assassin, began the quest for the Orb.
     0 | D:1      | Reached XP level 1. HP: 11/11 MP: 1/1
   113 | D:1      | Reached XP level 2. HP: 15/15 MP: 3/3
   297 | D:1      | Reached skill level 3 in Short Blades
   297 | D:1      | Reached XP level 3. HP: 18/18 MP: 4/4
   748 | D:2      | Found a sparkling altar of Nemelex Xobeh.
   982 | D:2      | Reached XP level 4. HP: 23/23 MP: 5/5
   994 | D:2      | HP: 2/23 [gnoll/spear (10)]
   994 | D:2      | Slain by a gnoll

Vault maps used:
D:1:      lightli_arrival_boilingwater
D:2:      nemelex_xobeh_ov_fountains_minmay, first_bread

Action                   |  1- 3 |  4- 6 || total
-------------------------+-------+-------++-------
Melee: Dagger            |    33 |       ||    33
       Short sword       |    58 |     4 ||    62
 Stab: Sleeping          |     6 |       ||     6
